 Dungeon Crawl Stone Soup version 0.30.0-29-ga12c61a403 (webtiles) character file.

Game seed: 10421977753922742609

44890 Graphine the Champion of Chaos (level 13, -1/106 HPs)
             Began as a Demonspawn Monk on June 21, 2023.
             Was the Champion of Makhleb.
             Shot with an arrow by a centaur warrior (19 damage)
             ... on level 14 of the Dungeon.
             The game lasted 00:45:24 (15424 turns).

Graphine the Champion of Chaos (Demonspawn Monk)   Turns: 15424, Time: 00:45:24

Health: -1/106     AC: 21    Str: 12    XL:     13   Next: 98%
Magic:  22/22      EV: 16    Int: 20    God:    Makhleb [******]
Gold:   767        SH:  6    Dex: 21    Spells: 10/12 levels left

rFire   . . .        y - +7 long sword (chaos)
rCold   . . .        E - +0 buckler
rNeg    + . .        B - +4 ring mail
rPois   .            c - +2 helmet {Int+3}
rElec   .            (no cloak)
rCorr   .            (gloves unavailable)
SInv    .            g - +2 pair of boots {Stlth+}
Will    +....        b - amulet "Silui" {rN+ Regen+ Int+6}
Stlth   +++++        m - ring of willpower
HPRegen 0.00/turn    z - +4 ring of protection
MPRegen 0.18/turn

%: no passive effects
@: inhibited regen
A: molten scales 2, spiny 2, condensation shield, demonic touch 3, deformed
body, inhibited regeneration, no potion heal 1
a: Renounce Religion, Minor Destruction, Lesser Servant of Makhleb, Major
Destruction, Greater Servant of Makhleb


You were on level 14 of the Dungeon.
You worshipped Makhleb.
Makhleb was exalted by your worship.
You visited 2 branches of the dungeon, and saw 17 of its levels.
You visited 1 bazaar.
You also visited: Sewer and Ice Cave.

You collected 1570 gold pieces.
You spent 803 gold pieces at shops.

Inventory:

Hand Weapons
 j - a +4 dagger
 t - the +8 dagger "Norasmef" {heavy, rC+ Will+}
   (You found it on level 5 of the Dungeon)

   rC:        It protects you from cold.
   Will:      It increases your willpower.
 v - the +4 whip "Kinom" {vamp, rElec rC++ Int-4 Stlth+}
   (You found it on level 5 of the Dungeon)

   Int:       It affects your intelligence (-4).
   rC:        It greatly protects you from cold.
   rElec:     It insulates you from electricity.
   Stlth:     It makes you more stealthy.
 w - a +1 dagger of speed
 y - a +7 long sword of chaos (weapon)
Missiles
 s - 4 atropa-tipped darts
 I - 6 boomerangs of dispersal
Armour
 c - a +2 helmet of intelligence (worn)
 g - a +2 pair of boots of stealth (worn)
 i - a +0 pair of gloves
 A - a +2 hat
 B - a +4 ring mail (worn)
 E - a +0 buckler (worn)
Jewellery
 a - an amulet of the acrobat
 b - the amulet "Silui" (around neck) {rN+ Regen+ Int+6}
   (You found it in an ice cave)

   [amulet of regeneration]

   Int:       It affects your intelligence (+6).
   rN:        It protects you from negative energy.
   Regen:     It increases your rate of health regeneration.
 d - a ring of flight
 h - an amulet of guardian spirit
 m - a ring of willpower (left hand)
 z - a +4 ring of protection (right hand)
 J - the ring "Cyggap" {rPois MP+9 Int+3}
   (You bought it in a shop in a bazaar)

   [ring of magical power]

   Int:       It affects your intelligence (+3).
   rPois:     It protects you from poison.
   MP:        It affects your magic capacity (+9).
 N - a ring of fire
 Q - a ring of willpower
 R - the ring "Usoovan" {Ice Slay+3}
   (You found it in an ice cave)

   [ring of ice]

   It enhances your ice magic.
   Slay:      It affects your accuracy & damage with ranged weapons and melee
   (+3).
   rF:        It makes you vulnerable to fire.
   rC:        It protects you from cold.
Wands
 o - a wand of polymorph (22)
 r - a wand of flame (20)
 D - a wand of quicksilver (13)
Scrolls
 l - 5 scrolls of teleportation
 p - 3 scrolls of magic mapping
 q - a scroll of torment
 x - a scroll of silence
 F - 2 scrolls of amnesia
 G - a scroll of fear
 H - 5 scrolls of identify
 L - a scroll of immolation
 O - a scroll of poison
 P - a scroll of brand weapon
 V - a scroll of fog
Potions
 e - 5 potions of curing
 f - 2 potions of degeneration
 k - 5 potions of brilliance
 n - 3 potions of lignification
 u - 4 potions of flight
 C - a potion of might
 K - 2 potions of resistance
 T - a potion of ambrosia
 W - 2 potions of attraction {unknown}


   Skills:
 + Level 11.1 Fighting
 + Level 10.2 Long Blades
 - Level 7.0 Armour
 + Level 10.2 Dodging
 + Level 9.9 Stealth
 - Level 5.0 Shields
 + Level 12.6 Invocations


You had 10 spell levels left.
You knew the following spells:

 Your Spells              Type           Power      Damage    Failure   Level
a - Passwall              Tmut/Erth      0%         N/A       61%         2

Your spell library contained the following spells:

 Spells                   Type           Power      Damage    Failure   Level
 Ensorcelled Hibernation  Hex/Ice        0%         N/A       61%         2
 Sublimation of Blood     Necr           0%         N/A       61%         2
 Wereblood                Tmut           0%         N/A       61%         2
 Gell's Gravitas          Tloc           0%         N/A       83%         3
 Inner Flame              Hex/Fire       0%         N/A       83%         3
 Swiftness                Air            0%         N/A       83%         3
 Teleport Other           Tloc           0%         N/A       83%         3
 Vhi's Electric Charge    Tloc/Air       0%         N/A       83%         3
 Flame Wave               Conj/Fire      0%         2d4       99%         4
 Sticky Flame             Conj/Fire      0%         2d3       99%         4
 Arcjolt                  Conj/Air       0%         1d10      100%        5
 Dispersal                Tloc           0%         N/A       100%        6
 Plasma Beam              Fire/Air       0%         2x1d11    100%        6
 Summon Hydra             Summ           0%         N/A       100%        7


Dungeon Overview and Level Annotations

Branches:
Dungeon (15/15)            Temple (0/1) D:5            Lair (0/5) D:8
    Orc (2/2) D:10            Elf (0/3) Orc:2         Sewer (visited)
  IceCv (visited)
 Vaults: D:13-14     Depths: D:15

Altars:
Makhleb
Okawaru
Trog
Yredelemnul

Shops:
D:1 !   D:7 !:[?   D:8 [   Orc:2 ([*?

Annotations:
D:13 3 runed translucent doors, Fefoucap's ghost, journeyman HOMo


Innate Abilities, Weirdness & Mutations

You are mostly covered in molten scales. (AC +3)
You are mostly covered in sharp spines.
A meltable shield of frost defends you. (SH +0)
Your touch may irresistibly damage your foes and sap their willpower.
Armour fits poorly on your strangely shaped body.
You do not regenerate when monsters are visible.
Potions are less effective at restoring your health.


Message History

The centaur warrior shoots an arrow.
The arrow misses you.
The tengu warrior shoots a bolt.
The bolt barely misses you. The centaur misses you.
The centaur barely misses you.
You hit the centaur.
The centaur seems to speed up.
The centaur is lightly wounded.
The centaur barely misses you. x2; The centaur warrior shoots an arrow.
The arrow hits you but does no damage. The centaur is struck by your spines.
The centaur misses you. The centaur barely misses you.
The tengu warrior shoots a bolt.
The bolt barely misses you.
You hit the centaur.
The centaur is severely wounded.
The centaur warrior shoots an arrow.
The arrow hits you but does no damage.
The centaur misses you. x2; You block the centaur's attack.
The centaur misses you.
The centaur warrior shoots an arrow.
The arrow hits you!
The tengu warrior shoots a bolt.
The bolt closely misses you.
You hit the centaur. You burn the centaur.
You kill the centaur!
Makhleb accepts your kill.
You feel better.
The centaur warrior shoots an arrow.
You block the arrow.
The centaur warrior shoots an arrow.
The arrow hits you.
The tengu warrior shoots a bolt.
The bolt hits you!!
You are too injured to fight recklessly!
Unknown command.
You are too injured to fight recklessly!
You are too injured to fight recklessly!
The centaur warrior shoots an arrow.
You block the arrow.
The tengu warrior shoots a bolt.
The bolt hits you!
* * * LOW HITPOINT WARNING * * *
The centaur warrior shoots an arrow.
The arrow misses you.
The centaur warrior shoots an arrow.
The arrow hits you.
* * * LOW HITPOINT WARNING * * *
The tengu warrior unwields a +0 arbalest.
The tengu warrior wields a +0 battleaxe.
The tengu warrior hits you with a +0 battleaxe.
* * * LOW HITPOINT WARNING * * *
The tengu warrior misses you. You block the tengu warrior's attack.
You closely miss the tengu warrior.
The centaur warrior shoots an arrow.
The arrow hits you!!
You die...

...#########'##.....
...# .........#####.
...# .............# .
...# .............# ..
...# .............# ...
...# ..........(..# ....
...#############''#....#
.......................#
#######.........@Q.....#
......#................#
......#'#..............#
........#....).........#
#########..)............
.................c......
...........#######'##...
...........#........#...
...........#........#


You could see a tengu warrior and a centaur warrior.

Vanquished Creatures
  Rupert (D:14)
  An azure jelly (IceCv)
  2 quicksilver oozes (IceCv)
  Snorg (D:14)
  A catoblepas (D:14)
  3 boulder beetles
  Fannar (D:12)
  Erica (D:9)
  3 centaur warriors (D:13)
  7 two-headed ogres
  2 tengu warriors
  Amaemon (D:8)
  An obsidian statue (D:11)
  A deep elf pyromancer (D:13)
  Pikel (D:7)
  2 manticores
  An orc knight (Orc:2)
  5 cyclopes
  4 orc sorcerers (Orc:2)
  2 ugly things
  Joseph (D:7)
  2 ice statues (IceCv)
  A gargoyle (D:11)
  An orange demon (D:8)
  Maggie (D:8)
  7 trolls
  A hornet (D:11)
  11 slime creatures
  4 shadows
  3 vampires
  2 wraiths
  A water elemental (D:13)
  3 wyverns
  3 fire bats (Orc:2)
  10 yaks
  4 vampire mosquitoes
  A basilisk (D:13)
  A steam dragon (D:7)
  Menkaure (D:7)
  2 acid dragons (D:10)
  2 wargs
  2 water moccasins
  3 black bears
  31 orc warriors
  2 ice beasts
  21 centaurs
  7 ogres
  2 phantoms (D:4)
  5 slime creature simulacra (IceCv)
  4 kobold brigands
  A gnoll sergeant (D:6)
  4 bullfrogs
  4 scorpions
  A cane toad simulacrum (D:12)
  A glowing shapeshifter simulacrum (IceCv)
  6 wights
  An elephant simulacrum (D:12)
  9 killer bees
  5 howler monkeys
  An electric eel (D:13)
  2 gnoll boudas
  2 jellies
  4 hounds
  14 orc priests
  Jessica (D:3)
  A sleepcap (D:8)
  4 iguanas
  20 orc wizards
  6 shapeshifter simulacra (IceCv)
  4 troll simulacra (D:12)
  2 wolf simulacra (D:12)
  10 gnolls
  8 adders
  A river rat (D:3)
  3 white imps
  2 dart slugs
  84 orcs
  10 ball pythons
  6 endoplasms
  4 giant cockroaches
  7 goblins
  5 hobgoblins
  6 jackals
  15 kobolds
  4 quokkas
  8 bats
  5 frilled lizards
  A goblin skeleton (D:5)
  2 goblin zombies (D:5)
  A hobgoblin zombie (D:5)
  A kobold skeleton (D:5)
  2 kobold zombies (D:5)
  2 orc zombies (D:5)
  6 rats
  A spectral orc (D:10)
467 creatures vanquished.

Vanquished Creatures (collateral kills)
  An orc warlord (Orc:2)
  A troll (Orc:2)
  6 orc warriors (Orc:2)
  An ogre (Orc:2)
  6 orc priests (Orc:2)
  3 orc wizards (Orc:2)
  7 orcs (Orc:2)
25 creatures vanquished.

Vanquished Creatures (others)
  2 orc wizards
2 creatures vanquished.

Grand Total: 494 creatures vanquished

Notes
Turn   | Place    | Note
-------+----------+-------------------------------------------
     0 | D:1      | Graphine the Demonspawn Monk began the quest for the Orb.
     0 | D:1      | Reached XP level 1. HP: 18/18 MP: 1/1
   326 | D:1      | Gained mutation: You are partially covered in molten
                  | scales. (AC +2) [demonic ancestry]
   326 | D:1      | Reached XP level 2. HP: 22/24 MP: 2/2
   441 | D:1      | Found Pamusk's Distillery.
  1262 | D:2      | Gained mutation: Your touch may inflict minor irresistible
                  | damage on your foes. [demonic ancestry]
  1262 | D:2      | Reached XP level 3. HP: 26/29 MP: 3/3
  1785 | D:3      | Noticed Jessica
  1785 | D:3      | Found a glowing drain.
  1810 | D:3      | Killed Jessica
  1811 | D:3      | Gained mutation: You are partially covered in sharp spines.
                  | [demonic ancestry]
  1811 | D:3      | Reached XP level 4. HP: 10/37 MP: 4/4
  1894 | Sewer    | Entered a sewer
  1992 | Sewer    | Noticed a water moccasin
  2004 | Sewer    | Killed a water moccasin
  2005 | Sewer    | Reached XP level 5. HP: 37/42 MP: 5/5
  2577 | D:4      | Gained mutation: You are mostly covered in molten scales.
                  | (AC +3) [demonic ancestry]
  2577 | D:4      | Reached XP level 6. HP: 49/49 MP: 6/6
  2817 | D:4      | Reached skill level 5 in Fighting
  2817 | D:4      | Reached skill level 1 in Armour
  2817 | D:4      | Reached XP level 7. HP: 52/56 MP: 7/7
  3082 | D:4      | Learned a level 2 spell: Passwall
  3222 | D:5      | Entered Level 5 of the Dungeon
  3235 | D:5      | Found a burning altar of Makhleb.
  3242 | D:5      | Became a worshipper of Makhleb the Destroyer
  3242 | D:5      | Reached * piety under Makhleb
  3242 | D:5      | Reached ** piety under Makhleb
  3325 | D:5      | Reached skill level 1 in Stealth
  3325 | D:5      | Reached skill level 1 in Invocations
  3431 | D:5      | Reached skill level 2 in Invocations
  3437 | D:5      | Identified the +8 dagger "Norasmef" {heavy, rC+ Will+}
  3444 | D:5      | Reached skill level 5 in Long Blades
  3527 | D:5      | Reached skill level 5 in Dodging
  3613 | D:5      | Found a staircase to the Ecumenical Temple.
  3779 | D:5      | Reached XP level 8. HP: 62/63 MP: 9/9
  3781 | D:5      | Identified the +4 whip "Kinom" {vamp, rElec rC++ Int-4
                  | Stlth+}
  4098 | D:6      | Reached skill level 3 in Invocations
  4169 | D:6      | Reached *** piety under Makhleb
  4907 | D:7      | Reached skill level 4 in Invocations
  4914 | D:7      | Gained mutation: You are mostly covered in sharp spines.
                  | [demonic ancestry]
  4914 | D:7      | Reached XP level 9. HP: 48/69 MP: 12/12
  4923 | D:7      | Reached skill level 5 in Invocations
  5279 | D:7      | Found Jov Zoaw's Book Boutique.
  5280 | D:7      | Found Dolosaib's Antique Armour Emporium.
  5291 | D:7      | Found Huvenecu's Distillery.
  5308 | D:7      | Noticed Pikel
  5320 | D:7      | Killed Pikel
  5372 | D:7      | Noticed Menkaure
  5378 | D:7      | Killed Menkaure
  5599 | D:7      | Reached skill level 6 in Invocations
  5640 | D:7      | Found Tinikoew's Magic Scroll Shop.
  5710 | D:7      | Noticed Joseph
  5716 | D:7      | Killed Joseph
  6131 | D:8      | Noticed a two-headed ogre
  6146 | D:8      | Reached XP level 10. HP: 64/79 MP: 14/14
  6147 | D:8      | Reached skill level 5 in Stealth
  6169 | D:8      | Killed a two-headed ogre
  6170 | D:8      | Reached skill level 5 in Armour
  6170 | D:8      | Reached skill level 7 in Invocations
  6180 | D:8      | Reached **** piety under Makhleb
  6417 | D:8      | Noticed a two-headed ogre
  6427 | D:8      | Killed a two-headed ogre
  6546 | D:8      | Noticed Maggie
  6556 | D:8      | Killed Maggie
  6557 | D:8      | Reached skill level 8 in Invocations
  6581 | D:8      | Noticed Amaemon
  6590 | D:8      | Killed Amaemon
  6591 | D:8      | Found a staircase to the Lair.
  6591 | D:8      | Noticed an orange demon
  6595 | D:8      | Killed an orange demon
  6897 | D:8      | Found Vybbuoj's Armour Boutique.
  6910 | D:8      | Gained mutation: A meltable shield of frost defends you.
                  | (SH +0) [demonic ancestry]
  6910 | D:8      | Reached XP level 11. HP: 67/86 MP: 17/17
  7110 | D:9      | Found an iron altar of Okawaru.
  7392 | D:9      | Reached skill level 1 in Shields
  7437 | D:9      | Noticed a two-headed ogre
  7448 | D:9      | Killed a two-headed ogre
  7648 | D:9      | Reached ***** piety under Makhleb
  7658 | D:9      | Found a bloodstained altar of Trog.
  7738 | D:9      | Noticed Erica
  7749 | D:9      | Killed Erica
  7898 | D:10     | Entered Level 10 of the Dungeon
  7898 | D:10     | Found a staircase to the Orcish Mines.
  7931 | D:10     | Noticed a two-headed ogre
  7940 | D:10     | Killed a two-headed ogre
  7941 | D:10     | Reached skill level 9 in Invocations
  8382 | D:10     | Found a basalt altar of Yredelemnul.
  8706 | Orc:1    | Entered Level 1 of the Orcish Mines
  9062 | Orc:2    | Entered Level 2 of the Orcish Mines
  9076 | Orc:2    | Found a staircase to the Elven Halls.
  9122 | Orc:2    | Noticed an orc sorcerer
  9137 | Orc:2    | Killed an orc sorcerer
  9473 | Orc:2    | Noticed an orc knight
  9508 | Orc:2    | Gained mutation: Your touch may inflict irresistible damage
                  | on your foes. [demonic ancestry]
  9508 | Orc:2    | Reached XP level 12. HP: 31/95 MP: 19/19
  9655 | Orc:2    | Noticed an orc warlord
  9670 | Orc:2    | Found a dark tunnel.
  9915 | Orc:2    | Gained mutation: Potions are less effective at restoring
                  | your health. [a neqoxec]
  9916 | Orc:2    | Gained mutation: Armour fits poorly on your strangely
                  | shaped body. [a neqoxec]
  9924 | Orc:2    | Reached skill level 10 in Invocations
 10109 | Orc:2    | Found Woqel's Assorted Antiques.
 10313 | Orc:2    | Killed an orc warlord
 10335 | Orc:2    | Found Qioseuch's Antique Armour Emporium.
 10336 | Orc:2    | Found Toju Qam's Antique Weapon Shoppe.
 10350 | Orc:2    | Bought a glowing helmet for 202 gold pieces
 10617 | Orc:2    | Reached ****** piety under Makhleb
 10683 | Orc:2    | Found Xeatha's Magic Scroll Boutique.
 10718 | Orc:2    | Bought a scroll of brand weapon for 161 gold pieces
 11222 | D:11     | Found a gateway to a bazaar.
 11239 | Bazaar   | Entered a bazaar
 11315 | Bazaar   | Found Cedezet's Jewellery Boutique.
 11319 | Bazaar   | Found Jublya's Book Boutique.
 11319 | Bazaar   | Found Xithrab's Distillery.
 11320 | Bazaar   | Found Nayf's Distillery.
 11353 | Bazaar   | Bought a ring of flight for 140 gold pieces
 11353 | Bazaar   | Bought the ring "Cyggap" {rPois MP+9 Int+3} for 300 gold
                  | pieces
 11488 | D:11     | Noticed a two-headed ogre
 11491 | D:11     | Noticed a two-headed ogre
 11502 | D:11     | Killed a two-headed ogre
 11513 | D:11     | Killed a two-headed ogre
 11723 | D:11     | Noticed a two-headed ogre
 11735 | D:11     | Killed a two-headed ogre
 12269 | D:11     | Reached skill level 11 in Invocations
 12296 | D:12     | Noticed Fannar
 12319 | D:12     | Killed Fannar
 12320 | D:12     | Reached skill level 10 in Fighting
 12451 | D:12     | Gained mutation: Your touch may irresistibly damage your
                  | foes and sap their willpower. [demonic ancestry]
 12451 | D:12     | Reached XP level 13. HP: 84/103 MP: 21/21
 12676 | D:12     | Found a frozen archway.
 12715 | IceCv    | Entered an ice cave
 12857 | IceCv    | Reached skill level 5 in Shields
 13151 | IceCv    | Noticed a quicksilver ooze
 13157 | IceCv    | Killed a quicksilver ooze
 13166 | IceCv    | Found a viscous altar of Jiyva.
 13166 | IceCv    | Noticed an azure jelly
 13170 | IceCv    | Noticed a quicksilver ooze
 13175 | IceCv    | Killed an azure jelly
 13179 | IceCv    | Killed a quicksilver ooze
 13182 | IceCv    | Identified the amulet "Silui" {rN+ Regen+ Int+6}
 13189 | IceCv    | Got the ring "Usoovan" {Ice Slay+3}
 14079 | D:13     | Reached skill level 12 in Invocations
 14261 | D:13     | Found a runed translucent gate.
 14261 | D:13     | Found a runed translucent gate.
 14261 | D:13     | Found a runed translucent gate.
 14266 | D:13     | Noticed Fefoucap's ghost (journeyman HOMo)
 14508 | D:13     | Reached skill level 10 in Long Blades
 14518 | D:13     | Reached skill level 10 in Dodging
 14773 | D:13     | Identified the +0 chain mail "Gooff" {rElec rN+ Regen+
                  | Str-5}
 14856 | D:13     | You fall into a shaft and drop 2 floors!
 14856 | D:15     | Entered Level 15 of the Dungeon
 14910 | D:14     | Noticed Snorg
 14916 | D:14     | Killed Snorg
 14954 | D:14     | Noticed Rupert
 14990 | D:14     | Noticed a cacodemon
 14992 | D:14     | Gained mutation: You do not regenerate when monsters are
                  | visible. [a cacodemon]
 15007 | D:14     | HP: 2/106 [disintegration[the player character] (15)]
 15221 | D:14     | Killed Rupert
 15424 | D:14     | Shot with an arrow by a centaur warrior

Illustrated notes

Levels and vault maps discovered:
D:1:      dpeg_arrival_circle_labyrinth_c, layout_basic, serial_shops, shop,
          st_stairs_5
D:2:      layout_basic, minmay_ruptured
D:3:      cheibrodos_old_hovel, layout_rooms, portal_sewer_entry_a, uniq_jessica
D:4:      layout_cave_pools, due_unseen_surprise
D:5:      layout_rooms, nicolae_tso_besieged_by_evil,
          makhleb_blood_cavern_becter, temple_doors_e
D:6:      layout_rooms, minmay_misc_feat_cross, lemuel_flame_loot_1
D:7:      layout_gridville, serial_shops, shop, shop, shop,
          nicolae_shop_getting_attention, minivault_27, uniq_pikel,
          uniq_menkaure, uniq_joseph
D:8:      kennysheep_windowed_halls, layout_loops_ring,
          kennysheep_windowed_goal, uniq_maggie, uniq_amaemon
D:9:      layout_gridville, general_overflow_altar,
          mainiacjoe_overflow_chevrons, uniq_erica
D:10:     layout_cave_pools, yredelemnul_forgotten_temple_becter, orc_0_dummy,
          hangedman_decor_push, kennysheep_generic_room_10
D:11:     layout_roguey, serial_shops, statue_bzr
D:12:     layout_loops_cross, serial_glass, glass_columns_b, glass_columns_b,
          item_on_display_a, due_unseen_surprise, minmay_strange_pillars,
          item_on_display_a, portal_ice_cave_entry_ice_simulacra, uniq_fannar
D:13:     layout_grid_maze, gammafunk_ghost_spectres, kennysheep_generic_room_2
D:14:     layout_irregular_city, ximxim_vaults_locker_room, xom_teletrap_fun,
          minmay_guarded_unrand_finisher, uniq_rupert, uniq_snorg
D:15:     hangedman_depths_entry_civil_slaughter, layout_gridville,
          minmay_misc_feat_rugged
Orc:1:    layout_caves
Orc:2:    grunt_orc_community_town_hall, layout_caves,
          grunt_orc_community_big_house_2, grunt_orc_community_big_house_2,
          grunt_orc_community_house_2, grunt_orc_community_house_3,
          grunt_orc_community_house_3, grunt_orc_community_house_3,
          grunt_orc_community_house_1, grunt_orc_community_house_3,
          nicolae_volcano_entry_batcave

Skill      XL: |  1  2  3  4  5  6  7  8  9 10 11 12 13 |
---------------+----------------------------------------+-----
Long Blades    | 3 4 5 6 7 8 9 10 | 10.2
Dodging        | 3 4 5 6 7 8 9 10 | 10.2
Fighting       | 4 5 6 7 8 9 10 11 | 11.1
Armour         | 1 2 3 4 5 6 7 |  7.0
Stealth        | 2 3 4 6 7 8 9 |  9.9
Invocations    | 2 4 6 8 9 11 12 | 12.6
Shields        | 3 4 5 |  5.0

Action                     |  1- 3 |  4- 6 |  7- 9 | 10-12 | 13-15 || total
---------------------------+-------+-------+-------+-------+-------++-------
  Melee: Falchion          |   122 |     1 |       |       |       ||   123
         Dagger            |     2 |   101 |   167 |   565 |    48 ||   883
         Touch             |       |     8 |    39 |    22 |       ||    69
         Punch             |       |     1 |     5 |     1 |       ||     7
         Long sword        |       |       |       |    65 |   232 ||   297
   Cast: Passwall          |       |       |     2 |       |     2 ||     4
 Invoke: Minor Destruction |       |       |    80 |    92 |    15 ||   187
         Greater Servant o |       |       |       |     3 |     1 ||     4
    Use: Scroll            |     7 |     3 |     8 |    10 |     3 ||    31
         Potion            |       |       |       |     9 |    11 ||    20
   Stab: Sleeping          |       |       |     9 |    24 |    16 ||    49
         Distracted        |       |       |       |     2 |     1 ||     3
         Confused          |       |       |       |       |     3 ||     3
 Armour: Robe              |     3 |       |       |       |       ||     3
         Leather armour    |    31 |    16 |    61 |    20 |       ||   128
         Ring mail         |       |       |       |   233 |    96 ||   329
  Dodge: Dodged            |    75 |    61 |   124 |   508 |   176 ||   944
  Block: Buckler           |       |       |       |   316 |   140 ||   456
         Other             |       |       |       |     5 |       ||     5
